 Dungeon Crawl Stone Soup version 0.21.1-1-g345015f (webtiles) character file.

65 Monsterracer the Chopper (level 3, -1/29 HPs)
             Began as a Demigod Wanderer on Feb 12, 2018.
             Slain by an orc priest
             ... wielding a +0 mace
              (5 damage)
             ... on level 3 of the Dungeon.
             The game lasted 00:02:59 (2033 turns).

Monsterracer the Chopper (Demigod Wanderer)         Turns: 2033, Time: 00:03:00

Health: -1/29      AC:  6    Str: 18    XL:     3   Next: 66%
Magic:  17/17      EV:  7    Int: 16    God:
Gold:   81         SH:  8    Dex: 14    Spells: 5/5 levels left

rFire    . . .     SeeInvis .   b - +1 hand axe
rCold    . . .     Gourm    .   a - +0 shield
rNeg     . . .     Faith    .   j - +0 ring mail
rPois    +         Spirit   .   (no helmet)
rElec    .         Reflect  .   i - +0 cloak
rCorr    .         Harm     .   (no gloves)
MR       .....                  (no boots)
Stlth    +.........             (no amulet)
HPRegen  0.09/turn              n - ring of magical power
MPRegen  0.15/turn              o - ring of poison resistance {!d}

@: drained
A: high mp 1
a: no special abilities


You were on level 3 of the Dungeon.
You were hungry.

You visited 1 branch of the dungeon, and saw 3 of its levels.

You collected 81 gold pieces.

Inventory:

Hand Weapons
 b - a +1 hand axe (weapon)
Armour
 a - a +0 shield (worn)
 i - a +0 cloak (worn)
 j - a +0 ring mail (worn)
Jewellery
 l - an uncursed ring of flight
 n - a ring of magical power (left hand)
 o - a ring of poison resistance (right hand) {!d}
Scrolls
 d - a scroll of enchant armour {unknown}
 g - 2 scrolls of teleportation
 h - a scroll of identify
 p - a scroll of enchant weapon
Potions
 e - 3 potions of degeneration {unknown}
 m - a potion of curing
 q - a potion of mutation {!q}
Books
 f - Sif Muna's Catalogue of Curses

   Spells                             Type                      Level
   a - Slow                           Hexes                        2
   b - Ensorcelled Hibernation        Hexes/Ice                    2
Comestibles
 c - 4 rations


   Skills:
 + Level 1.8(1.4) Fighting
 * Level 3.2(2.8) Axes
 + Level 1.0(0.6) Armour
 + Level 0.1(0.0) Dodging
 - Level 1.0(0.6) Stealth
 + Level 1.0(0.6) Shields
 - Level 1.7(1.3) Spellcasting
   Level 1.0(0.6) Necromancy
   Level 1.7(1.3) Fire Magic


You had 5 spell levels left.
You didn't know any spells.

Dungeon Overview and Level Annotations

Branches:
Dungeon (3/15)


Innate Abilities, Weirdness & Mutations

You have an increased reservoir of magic. (+10% MP)


Message History

Wear which item? (? for menu, Esc to quit)
You start removing your armour.
You continue taking off your +0 robe. x4
You finish taking off your +0 robe.
You start putting on your armour.
You continue putting on your ring mail. x5
You finish putting on your +0 ring mail.
Drop what? 16/52 slots (_ for help) (? for menu, Esc to quit)
You drop a +0 robe.
c - 4 rations (gained 1)
You now have 68 gold pieces (gained 10).
You now have 81 gold pieces (gained 13).
d - a scroll labeled OSEOZO QYME Health restored: 29 You see here a stone.
e - 3 orange potions (gained 1) Done exploring.
Done exploring.
No target in view!
No target in view!
There is a stone staircase leading down here.
You climb downwards.
Found a stone staircase leading up.
There is a stone staircase leading up here.
No target in view!
There is a stone staircase leading up here.
You are feeling hungry.
No target in view!
You enter a teleport trap!
The teleport trap disappears.
Your surroundings suddenly seem different.
An orc comes into view. It is wielding a hand axe.
Found a stone staircase leading up.
A giant cockroach comes into view.
There are monsters nearby!
A kobold and an orc come into view.
The orc is wielding a dagger of draining.
The kobold shouts!
The orc shouts!
You hear a shout!
You hit the giant cockroach.
The giant cockroach is severely wounded.
The giant cockroach bites you.
You take 1 damage, and have 28/29 hp.
There are monsters nearby!
You hit the giant cockroach but do no damage.
The giant cockroach is severely wounded.
You hit the orc but do no damage. The giant cockroach barely misses you.
The orc hits you but does no damage. You block the giant cockroach's attack.
You barely miss the giant cockroach.
The giant cockroach is severely wounded.
You hit the orc but do no damage. The giant cockroach closely misses you.
Your shield prevents you from hitting the giant cockroach.
The giant cockroach is severely wounded.
You hit the orc but do no damage. You block the giant cockroach's attack.
The orc hits you but does no damage.
You hit the giant cockroach.
You kill the giant cockroach!
Your ring mail prevents you from hitting the kobold.
You closely miss the orc. x2; You block the orc's attack.
The orc hits you with a hand axe. You block the kobold's attack.
You take 3 damage, and have 25/29 hp.
Your shield prevents you from hitting the orc.
You hit the orc. You hit the kobold.
You kill the kobold!
The orc hits you but does no damage.
You feel drained. The orc hits you with a hand axe. You block the orc's attack.
You take 1 damage, and have 24/29 hp.
You hit the orc but do no damage.
The orc is moderately wounded.
You hit the orc. You block the orc's attack.
The orc hits you but does no damage.
You feel drained.
You slash the orc!
You kill the orc!
You hit the orc. The orc completely misses you.
You hit the orc.
You kill the orc!
No target in view!
No target in view!
An orc priest comes into view. It is wielding a mace.
Things that are here:
a hand axe; a scale mail An orc priest is nearby!
An orc comes into view. It is wielding a mace of protection.
The orc moves out of view.
The orc priest mumbles some strange prayers to Beogh against you.
Beogh smites you!
* * * LOW HITPOINT WARNING * * *
An orc comes into view. It is wielding a dagger.
You see here a giant cockroach corpse.
You take 12 damage, and have 13/29 hp.
MASSIVE DAMAGE!!
A frilled lizard comes into view.
The frilled lizard hisses angrily.
The frilled lizard moves out of view.
The orc throws a tomahawk.
You block the tomahawk.
An orc comes into view. It is wielding a dagger.
The orc shouts! x2
You hit the orc.
The orc is severely wounded.
The orc priest mumbles some strange prayers to Beogh against you.
Beogh smites you!
* * * LOW HITPOINT WARNING * * *
You take 9 damage, and have 4/29 hp.
MASSIVE DAMAGE!!
The orc priest hits you with a mace.
You die...

.... .# .... ####
.# .... #..... .
#..#..##..#.##.#
#..#..........
##.........o.
........loo#
...#..##@#
#.#....o.#
#.#......####..
#...............
.####..)†)#####...
.......).##
.#...##.#######.
......<.........
#######.........


You could see an orc priest, 3 orcs and a frilled lizard.

Vanquished Creatures
  2 adders (D:2)
  An ooze (D:1)
  A worm (D:2)
  A leopard gecko (D:2)
  2 orcs (D:3)
  4 giant cockroaches
  3 goblins (D:2)
  6 hobgoblins
  2 jackals (D:1)
  A quokka (D:2)
  6 bats
  A frilled lizard (D:2)
  2 kobolds
  2 rats
34 creatures vanquished.

Notes
Turn   | Place    | Note
-------+----------+-------------------------------------------
     0 | D:1      | Monsterracer the Demigod Wanderer began the quest for the Orb.
     0 | D:1      | Monsterracer set off with: a +0 shield, a +0 hand axe, a ration, a +0 robe, Sif Muna's Catalogue of Curses
     0 | D:1      | Reached XP level 1. HP: 17/17 MP: 5/5
     0 | D:1      | Identified Sif Muna's Catalogue of Curses
   196 | D:1      | Reached skill level 1 in Axes
   406 | D:1      | HP: 8/17 [kobold/short sword (7)]
   414 | D:1      | Reached XP level 2. HP: 12/24 MP: 7/7
   578 | D:1      | Reached skill level 2 in Axes
  1208 | D:2      | Reached XP level 3. HP: 25/29 MP: 8/8
  1236 | D:2      | HP: 14/29 [jackal (2)]
  1251 | D:2      | HP: 13/29 [jackal (2)]
  1256 | D:1      | HP: 9/29 [jackal (3)]
  1515 | D:2      | Reached skill level 3 in Axes
  1520 | D:2      | HP: 10/29 [worm (6)]
  2028 | D:3      | HP: 13/29 [orc priest/divine providence (12)]
  2032 | D:3      | HP: 4/29 [orc priest/divine providence (9)]
  2033 | D:3      | Slain by an orc priest

Skill      XL: |  1  2  3 |
---------------+----------+-----
Axes           | 1 2 3 |  3.2
Fighting       | |  1.8
Armour         | |  1.0
Dodging        | |  0.1
Stealth        | |  1.0
Shields        | |  1.0
Spellcasting   | |  1.7
Necromancy     | |  1.0
Fire Magic     | |  1.7

Action                   || total
-------------------------++-------
Melee: Hand axe          ||   107
  Use: Scroll            ||     7
 Stab: Sleeping          ||     4
  Eat: Chunk             ||     3
Armor: Robe              ||    49
       Ring mail         ||     3
Dodge: Dodged            ||    40
Block: Shield            ||    59

Vault maps used:
D:1:      nzn_arrival_settlement
